[ AOE2 MATCH · #513856639 ]
UnrankedByzantines vs Wei
Player's team · LOSS
Rival team · WIN
[ REPLAY ANALYSIS · EXTRACTED FROM THE RECORDED GAME ]
Feudal
8:50
Castle
23:42
Imperial
—
| APM avg | 109.1 |
| APM peak | 174 |
| eAPM avg | 62.3 |
| Villagers / military | 170 / 138 |
Focus
⚔️ 63.9% · 🌾 36.1%
Camel Scout ×82 · Skirmisher ×35 · Mangonel ×10 · Spearman ×5 · Monk ×4 · Scout Cavalry ×2
Feudal
8:50
Castle
19:02
Imperial
38:38
| APM avg | 108.9 |
| APM peak | 153 |
| eAPM avg | 45.3 |
| Villagers / military | 119 / 30 |
Focus
⚔️ 58.8% · 🌾 41.2%
Unknown (1952) ×43 · Skirmisher ×15 · Monk ×5 · Battering Ram ×3 · Scout Cavalry ×3 · Unknown (1944) ×3
Match map
Initial resources + every placement click. Lines = walls · curves = elevation contours. ◆ gold · ⬟ stone · ● berries · ✦ relic · ◌ wall gap
Your base· Open — unwalled flank
wR.Lucho's base· Open — unwalled flank
Smoothed initial terrain · ◌ = detected wall gap · hover for details
Inputs per minute
— wR.Sebastian - - wR.Lucho
Build order — wR.Sebastian
First 150 of 485 actions detected
| 0:00 | Queue | Villager (Male) |
| 0:01 | Build | House |
| 0:02 | Build | House |
| 0:02 | Queue | Villager (Male) |
| 0:12 | Queue | Villager (Male) |
| 0:24 | Queue | Villager (Male) |
| 1:26 | Queue | Villager (Male) |
| 1:52 | Build | Lumber Camp |
| 2:00 | Queue | Villager (Male) |
| 2:00 | Queue | Villager (Male) |
| 2:13 | Queue | Villager (Male) |
| 2:42 | Queue | Villager (Male) |
| 2:55 | Build | Palisade Wall |
| 3:02 | Queue | Villager (Male) |
| 3:40 | Queue | Villager (Male) |
| 3:57 | Queue | Villager (Male) |
| 3:58 | Queue | Villager (Male) |
| 4:03 | Build | House |
| 4:29 | Queue | Villager (Male) |
| 4:29 | Queue | Villager (Male) |
| 4:44 | Build | Mill |
| 4:53 | Queue | Villager (Male) |
| 5:07 | Queue | Villager (Male) |
| 5:08 | Queue | Villager (Male) |
| 5:17 | Queue | Villager (Male) |
| 5:29 | Queue | Villager (Male) |
| 5:30 | Queue | Villager (Male) |
| 6:11 | Research | Loom |
| 6:38 | Research | Feudal Age |
| 7:24 | Build | House |
| 7:26 | Build | Barracks |
| 7:31 | Queue | Villager (Male) |
| 8:50 | Age | Feudal Age |
| 8:52 | Queue | Villager (Male) |
| 8:54 | Build | Archery Range |
| 8:57 | Research | Double-Bit Axe |
| 8:58 | Queue | Spearman |
| 9:00 | Build | House |
| 9:01 | Build | Palisade Wall |
| 9:12 | Queue | Villager (Male) |
| 9:20 | Build | Farm |
| 9:24 | Queue | Spearman |
| 9:32 | Build | Palisade Wall |
| 9:35 | Queue | Villager (Male) |
| 9:40 | Queue | Villager (Male) |
| 9:45 | Build | House |
| 9:47 | Queue | Skirmisher |
| 10:02 | Queue | Villager (Male) |
| 10:09 | Queue | Skirmisher |
| 10:13 | Build | House |
| 10:14 | Queue | Villager (Male) |
| 10:14 | Queue | Villager (Male) |
| 10:15 | Queue | Villager (Male) |
| 10:18 | Build | Palisade Wall |
| 10:23 | Queue | Spearman |
| 10:36 | Queue | Skirmisher |
| 10:41 | Queue | Villager (Male) |
| 10:50 | Queue | Villager (Male) |
| 10:53 | Build | House |
| 10:57 | Build | Palisade Wall |
| 11:00 | Build | Farm |
| 11:00 | Queue | Villager (Male) |
| 11:02 | Queue | Villager (Male) |
| 11:10 | Build | Farm |
| 11:12 | Queue | Skirmisher |
| 11:25 | Build | Farm |
| 11:30 | Build | Palisade Wall |
| 11:36 | Queue | Villager (Male) |
| 11:50 | Queue | Villager (Male) |
| 11:54 | Queue | Villager (Male) |
| 11:58 | Build | Palisade Wall |
| 11:58 | Build | Palisade Wall |
| 12:00 | Build | Palisade Wall |
| 12:05 | Build | Farm |
| 12:05 | Queue | Villager (Male) |
| 12:07 | Queue | Skirmisher |
| 12:10 | Build | House |
| 12:17 | Queue | Villager (Male) |
| 12:19 | Build | Farm |
| 12:20 | Build | Farm |
| 12:36 | Queue | Villager (Male) |
| 12:43 | Queue | Skirmisher |
| 12:49 | Queue | Villager (Male) |
| 12:55 | Queue | Villager (Male) |
| 12:58 | Queue | Villager (Male) |
| 13:04 | Build | Farm |
| 13:06 | Build | Farm |
| 13:09 | Build | Farm |
| 13:10 | Queue | Skirmisher |
| 13:17 | Build | House |
| 13:24 | Queue | Skirmisher |
| 13:27 | Build | Farm |
| 13:28 | Build | Farm |
| 13:35 | Research | Horse Collar |
| 13:52 | Build | Lumber Camp |
| 13:55 | Queue | Skirmisher |
| 14:08 | Queue | Villager (Male) |
| 14:10 | Build | House |
| 14:17 | Queue | Skirmisher |
| 14:35 | Build | House |
| 14:37 | Build | House |
| 14:50 | Queue | Villager (Male) |
| 14:52 | Build | Archery Range |
| 14:59 | Queue | Skirmisher |
| 15:02 | Queue | Skirmisher |
| 15:07 | Queue | Villager (Male) |
| 15:13 | Queue | Skirmisher |
| 15:15 | Queue | Spearman |
| 15:17 | Build | House |
| 15:33 | Build | Farm |
| 15:43 | Queue | Villager (Male) |
| 15:45 | Queue | Skirmisher |
| 15:51 | Queue | Skirmisher |
| 15:59 | Queue | Villager (Male) |
| 16:08 | Queue | Villager (Male) |
| 16:13 | Queue | Villager (Male) |
| 16:15 | Queue | Skirmisher |
| 16:16 | Build | Blacksmith |
| 16:20 | Research | Wheelbarrow |
| 16:21 | Research | Wheelbarrow |
| 16:26 | Build | House |
| 16:31 | Queue | Skirmisher |
| 16:35 | Queue | Skirmisher |
| 16:36 | Queue | Skirmisher |
| 16:38 | Queue | Skirmisher |
| 16:39 | Research | Fletching |
| 16:41 | Queue | Villager (Male) |
| 16:50 | Queue | Villager (Male) |
| 16:52 | Build | Watch Tower |
| 16:56 | Build | Mining Camp |
| 17:04 | Queue | Skirmisher |
| 17:06 | Build | Watch Tower |
| 17:06 | Queue | Skirmisher |
| 17:09 | Queue | Skirmisher |
| 17:15 | Queue | Skirmisher |
| 17:16 | Queue | Villager (Male) |
| 17:21 | Research | Padded Archer Armor |
| 17:23 | Queue | Skirmisher |
| 17:30 | Queue | Villager (Male) |
| 17:36 | Queue | Skirmisher |
| 17:38 | Queue | Skirmisher |
| 17:47 | Queue | Villager (Male) |
| 17:53 | Queue | Skirmisher |
| 18:04 | Queue | Villager (Male) |
| 18:10 | Queue | Villager (Male) |
| 18:13 | Build | House |
| 18:19 | Build | Watch Tower |
| 18:21 | Queue | Skirmisher |
| 18:26 | Build | House |
| 18:27 | Build | Palisade Wall |
Build order — wR.Lucho
First 150 of 346 actions detected
| 0:00 | Queue | Villager (Male) |
| 0:01 | Build | House |
| 0:02 | Build | House |
| 0:07 | Queue | Villager (Male) |
| 0:07 | Queue | Villager (Male) |
| 0:11 | Queue | Villager (Male) |
| 1:26 | Queue | Villager (Male) |
| 1:58 | Queue | Villager (Male) |
| 1:58 | Queue | Villager (Male) |
| 2:15 | Build | Lumber Camp |
| 2:23 | Queue | Villager (Male) |
| 2:45 | Queue | Villager (Male) |
| 3:11 | Queue | Villager (Male) |
| 3:18 | Queue | Villager (Male) |
| 3:44 | Queue | Villager (Male) |
| 3:57 | Build | House |
| 4:16 | Queue | Villager (Male) |
| 4:18 | Queue | Villager (Male) |
| 4:18 | Queue | Villager (Male) |
| 4:24 | Build | Palisade Wall |
| 4:24 | Build | House |
| 4:38 | Queue | Villager (Male) |
| 5:10 | Queue | Villager (Male) |
| 5:46 | Build | Mill |
| 6:14 | Research | Loom |
| 6:39 | Research | Feudal Age |
| 7:13 | Queue | Villager (Male) |
| 7:18 | Build | Barracks |
| 7:53 | Queue | Villager (Male) |
| 8:21 | Build | House |
| 8:24 | Queue | Villager (Male) |
| 8:40 | Queue | Villager (Male) |
| 8:50 | Age | Feudal Age |
| 8:54 | Build | Stable |
| 8:56 | Research | Double-Bit Axe |
| 9:13 | Queue | Spearman |
| 9:17 | Build | Palisade Wall |
| 9:23 | Research | Horse Collar |
| 9:24 | Research | Horse Collar |
| 9:38 | Queue | Villager (Male) |
| 9:45 | Queue | Scout Cavalry |
| 9:48 | Queue | Scout Cavalry |
| 9:56 | Queue | Villager (Male) |
| 10:04 | Build | House |
| 10:10 | Build | Archery Range |
| 10:13 | Build | Archery Range |
| 10:28 | Queue | Villager (Male) |
| 10:29 | Build | Farm |
| 10:40 | Build | Farm |
| 10:48 | Build | House |
| 10:52 | Queue | Villager (Male) |
| 11:01 | Queue | Skirmisher |
| 11:06 | Queue | Villager (Male) |
| 11:15 | Build | Farm |
| 11:21 | Queue | Skirmisher |
| 11:31 | Queue | Villager (Male) |
| 11:37 | Build | Farm |
| 11:44 | Build | Farm |
| 11:54 | Queue | Villager (Male) |
| 12:02 | Build | House |
| 12:13 | Queue | Villager (Male) |
| 12:13 | Build | Farm |
| 12:25 | Build | Farm |
| 12:39 | Build | Farm |
| 12:42 | Build | Farm |
| 13:00 | Queue | Villager (Male) |
| 13:03 | Build | House |
| 13:10 | Build | Mining Camp |
| 13:15 | Queue | Villager (Male) |
| 13:24 | Queue | Skirmisher |
| 13:27 | Build | Farm |
| 13:37 | Build | Palisade Wall |
| 13:41 | Queue | Scout Cavalry |
| 13:43 | Queue | Villager (Male) |
| 13:48 | Queue | Skirmisher |
| 14:01 | Build | Farm |
| 14:10 | Queue | Skirmisher |
| 14:11 | Queue | Villager (Male) |
| 14:14 | Build | Palisade Wall |
| 14:40 | Queue | Villager (Male) |
| 14:53 | Build | Blacksmith |
| 14:54 | Build | Palisade Wall |
| 14:54 | Build | Palisade Wall |
| 14:56 | Queue | Villager (Male) |
| 15:00 | Queue | Skirmisher |
| 15:16 | Build | Farm |
| 15:24 | Queue | Villager (Male) |
| 15:32 | Queue | Skirmisher |
| 15:54 | Queue | Villager (Male) |
| 15:55 | Build | Farm |
| 16:23 | Research | Castle Age |
| 16:23 | Research | Castle Age |
| 16:27 | Build | Lumber Camp |
| 16:28 | Queue | Skirmisher |
| 16:46 | Build | House |
| 16:51 | Build | Farm |
| 16:52 | Queue | Skirmisher |
| 16:58 | Research | Fletching |
| 17:09 | Build | Watch Tower |
| 17:21 | Queue | Skirmisher |
| 17:32 | Queue | Skirmisher |
| 17:43 | Queue | Skirmisher |
| 18:10 | Build | House |
| 18:38 | Queue | Villager (Male) |
| 18:40 | Build | Market |
| 19:01 | Build | House |
| 19:02 | Age | Castle Age |
| 19:04 | Build | Siege Workshop |
| 19:06 | Research | Bow Saw |
| 19:08 | Research | Elite Skirmisher (upgrade) |
| 19:31 | Build | House |
| 19:33 | Queue | Battering Ram |
| 19:37 | Queue | Villager (Male) |
| 19:53 | Queue | Scorpion |
| 20:02 | Queue | Villager (Male) |
| 20:06 | Queue | Villager (Male) |
| 20:26 | Queue | Villager (Male) |
| 20:27 | Queue | Scorpion |
| 20:40 | Queue | Skirmisher |
| 20:46 | Queue | Skirmisher |
| 20:57 | Queue | Villager (Male) |
| 21:04 | Build | House |
| 21:11 | Queue | Battering Ram |
| 21:26 | Queue | Villager (Male) |
| 21:43 | Queue | Unit 1944 |
| 21:56 | Queue | Villager (Male) |
| 21:59 | Queue | Villager (Male) |
| 22:03 | Queue | Villager (Male) |
| 22:24 | Queue | Unit 1944 |
| 22:31 | Queue | Villager (Male) |
| 22:34 | Queue | Unit 1944 |
| 22:41 | Build | Town Center |
| 23:00 | Queue | Villager (Male) |
| 23:15 | Queue | Villager (Male) |
| 23:21 | Queue | Skirmisher |
| 23:28 | Queue | Villager (Male) |
| 23:29 | Build | Monastery |
| 23:50 | Build | House |
| 23:55 | Queue | Villager (Male) |
| 24:14 | Queue | Villager (Male) |
| 24:20 | Queue | Monk |
| 24:21 | Build | Farm |
| 24:21 | Build | Farm |
| 24:22 | Queue | Villager (Male) |
| 24:36 | Queue | Villager (Male) |
| 24:44 | Queue | Villager (Male) |
| 24:48 | Queue | Villager (Male) |
| 24:50 | Build | House |
| 24:51 | Build | Palisade Wall |
| 24:57 | Queue | Villager (Male) |
Match timeline
| 2:55 | wR.Sebastian · wall_segment Palisade Wall x1 |
| 4:24 | wR.Lucho · wall_segment Palisade Wall x1 |
| 7:18 | wR.Lucho · first_building Barracks |
| 7:26 | wR.Sebastian · first_building Barracks |
| 8:50 | wR.Sebastian · age_up feudal |
| 8:50 | wR.Lucho · age_up feudal |
| 8:54 | wR.Lucho · first_building Stable |
| 8:54 | wR.Sebastian · first_building Archery Range |
| 9:01 | wR.Sebastian · wall_segment Palisade Wall x1 |
| 9:17 | wR.Lucho · wall_segment Palisade Wall x2 |
| 9:32 | wR.Sebastian · wall_segment Palisade Wall x4 |
| 10:10 | wR.Lucho · first_building Archery Range |
| 10:18 | wR.Sebastian · wall_segment Palisade Wall x14 |
| 10:57 | wR.Sebastian · wall_segment Palisade Wall x5 |
| 11:30 | wR.Sebastian · wall_segment Palisade Wall x1 |
| 11:58 | wR.Sebastian · wall_segment Palisade Wall x1 |
| 11:58 | wR.Sebastian · wall_segment Palisade Wall x1 |
| 12:00 | wR.Sebastian · wall_segment Palisade Wall x1 |
| 13:37 | wR.Lucho · wall_segment Palisade Wall x17 |
| 14:14 | wR.Lucho · wall_segment Palisade Wall x10 |
| 14:54 | wR.Lucho · wall_segment Palisade Wall x1 |
| 14:54 | wR.Lucho · wall_segment Palisade Wall x1 |
| 18:27 | wR.Sebastian · wall_segment Palisade Wall x1 |
| 19:02 | wR.Lucho · age_up castle |
| 19:04 | wR.Lucho · first_building Siege Workshop |
| 19:53 | wR.Lucho · first_market_buy 100 food |
| 20:18 | wR.Sebastian · wall_segment Stone Wall x3 |
| 20:34 | wR.Sebastian · wall_segment Stone Wall x1 |
| 21:00 | wR.Sebastian · first_market_sell 100 wood |
| 21:19 | wR.Sebastian · first_building Stable |
| 23:29 | wR.Lucho · first_building Monastery |
| 23:42 | wR.Sebastian · age_up castle |
| 24:21 | wR.Sebastian · first_building Monastery |
| 24:51 | wR.Lucho · wall_segment Palisade Wall x6 |
| 25:47 | wR.Sebastian · first_market_buy 100 food |
| 26:45 | wR.Sebastian · first_building Siege Workshop |
| 35:46 | wR.Lucho · first_building Castle |
| 38:38 | wR.Lucho · age_up imperial |
| 38:48 | wR.Sebastian · resign |
[ AI ANALYSIS · 1 CREDIT ]
What really happened in this match?
Wolo.gg analyzes every decision: build order, eco, micro, common mistakes by bracket. Personalized analysis on WhatsApp or Discord in 30 seconds.
Civ guide
Byzantines
Perfil
Jugador #2783660